 Seeded DCSS version 0.29.1-15-g9cfb28693d (webtiles) character file.

Game seed: 5461343046259217733 (custom seed)

22 Mickster the Magician (level 2, 0/23 HPs)
             Began as a Demigod Wanderer on Mar 12, 2023.
             Slain by a goblin
             ... wielding a +0 dagger
             ... led by Robin
              (3 damage)
             ... on level 2 of the Dungeon.
             The game lasted 00:14:54 (1289 turns).

Mickster the Magician (Demigod Wanderer)            Turns: 1289, Time: 00:14:57

Health: 0/23       AC:  6    Str: 10    XL:     2   Next: 51%
Magic:  2/8        EV: 11    Int: 14    God:
Gold:   15         SH:  5    Dex: 16    Spells: 6/7 levels left

rFire   + . .      SeeInvis .   a - +0 dagger
rCold   . . .      Faith    .   e - +0 buckler {AC+3}
rNeg    . . .      Spirit   .   d - +0 robe
rPois   .          Reflect  .   (no helmet)
rElec   .          Harm     .   b - +0 cloak
rCorr   .          Rampage  .   (no gloves)
Will    +....                   (no boots)
Stlth   ++........              (no amulet)
HPRegen 0.07/turn               g - ring of willpower
MPRegen 0.11/turn               n - ring of Hepliaklqana's Fury {Fly rF+}

@: flying, hasted, very quick
A: high MP 1, forlorn, divine attributes
a: no special abilities


You were on level 2 of the Dungeon.
You visited 1 branch of the dungeon, and saw 2 of its levels.

You collected 15 gold pieces.

Inventory:

Hand Weapons
 a - a +0 dagger (weapon)
 f - a +0 sling
Missiles
 i - 6 stones
 k - 5 boomerangs (quivered)
Armour
 b - a +0 cloak (worn)
 d - a +0 robe (worn)
 e - a +0 buckler of protection (worn)
Jewellery
 g - a ring of willpower (left hand)
 n - the ring of Hepliaklqana's Fury (right hand) {Fly rF+}
   (You found it on level 2 of the Dungeon)

   [ring of flight]

   rF:        It protects you from fire.
   Fly:       It grants you flight.
Scrolls
 c - 2 scrolls of silence
 l - 2 scrolls of poison
 o - a scroll of identify
Potions
 j - a potion of berserk rage {unknown}
 m - a potion of ambrosia {unknown}


   Skills:
 + Level 1.0 Fighting
 + Level 0.3 Short Blades
 + Level 1.0 Armour
 + Level 0.1 Dodging
 + Level 1.7 Stealth
 + Level 2.8 Shields
 + Level 3.2 Spellcasting
 + Level 0.3 Conjurations
 + Level 0.1 Air Magic


You had 6 spell levels left.
You knew the following spells:

 Your Spells              Type           Power      Damage    Failure   Level
a - Shock                 Conj/Air       8%         1d3       26%         1

Your spell library contained the following spells:

 Spells                   Type           Power      Damage    Failure   Level
 Mephitic Cloud           Conj/Pois/Air  2%         N/A       61%         3


Dungeon Overview and Level Annotations

Branches:
Dungeon (2/15)

Annotations:
D:2 Robin


Innate Abilities, Weirdness & Mutations

You have an increased reservoir of magic. (+10% MP)
You shall have no god before yourself.
Your divine heritage dramatically boosts your attributes as you level up.


Message History

You barely miss Robin.
Robin is moderately wounded.
You closely miss Robin.
Robin is moderately wounded.
The goblin no longer looks unusually strong.
The goblin barely misses you.
You hit Robin but do no damage.
Robin is lightly wounded.
The goblin closely misses you.
Robin roars a battlecry!
The goblin goes into a battle-frenzy!
Your magical contamination has completely faded away.
You hit Robin but do no damage.
Robin is lightly wounded.
You hit Robin.
Robin is moderately wounded.
The goblin closely misses you.
You barely miss Robin.
Robin is moderately wounded.
The goblin barely misses you. You block Robin's attack.
You hit Robin.
Robin is heavily wounded.
The goblin closely misses you.
You barely miss Robin.
Robin is heavily wounded.
You hit Robin.
Robin is heavily wounded.
The goblin hits you but does no damage.
You hit Robin but do no damage.
Robin is heavily wounded.
You block the goblin's attack. You block Robin's attack.
You hit Robin but do no damage.
Robin is heavily wounded.
You barely miss Robin.
Robin is heavily wounded.
The goblin no longer looks unusually strong.
Robin roars a battlecry!
The goblin goes into a battle-frenzy!
The goblin hits you with a +0 dagger.
You die...

######### #@ggg)..#
#g#####.# #.# #.#
#.# #.#
###############.#
#............>..###
#.###########.#...#


You could see Robin and 3 goblins.

Vanquished Creatures
  A ball python (D:2)
  3 endoplasms
  5 goblins
  3 hobgoblins (D:1)
  A kobold (D:2)
  A quokka (D:2)
  2 bats (D:1)
  A frilled lizard (D:1)
  2 rats
19 creatures vanquished.

Notes
Turn   | Place    | Note
-------+----------+-------------------------------------------
     0 | D:1      | Mickster the Demigod Wanderer began the quest for the Orb.
     0 | D:1      | Mickster set off with the following items: a +0 dagger, a
                  | +0 cloak, a scroll of silence, a +0 robe, a +0 buckler of
                  | protection; and the following spell memorised: Shock; and
                  | the following spells available to memorise: Mephitic Cloud.
     0 | D:1      | Reached XP level 1. HP: 16/16 MP: 6/6
   354 | D:1      | Reached skill level 3 in Spellcasting
   709 | D:2      | Identified the ring of Hepliaklqana's Fury {Fly rF+}
   727 | D:2      | Reached XP level 2. HP: 3/23 MP: 4/8
  1250 | D:2      | Noticed Robin
  1289 | D:2      | Slain by a goblin

Illustrated notes

Levels and vault maps discovered:
D:1:      minmay_arrival_jagged, layout_loops_corners,
          chequers_ecumenical_altar_lobes, minmay_tetromino_i2
D:2:      layout_basic, minmay_misc_feat_ornament, uniq_robin, uniq_jessica,
          uniq_terence

Skill      XL: |  1 |
---------------+----+-----
Spellcasting   | 3 |  3.2
Fighting       | |  1.0
Short Blades   | |  0.3
Armour         | |  1.0
Dodging        | |  0.1
Stealth        | |  1.7
Shields        | |  2.8
Conjurations   | |  0.3
Air Magic      | |  0.1

Action                   || total
-------------------------++-------
Melee: Dagger            ||    66
 Cast: Shock             ||    18
  Use: Scroll            ||     3
       Potion            ||     1
Armor: Robe              ||    27
Dodge: Dodged            ||    38
Block: Buckler           ||    23
